 Dungeon Crawl Stone Soup version 0.27-a0-1595-g0b823d0a13 (webtiles) character file.

Game seed: 4584046915086444095

319 MisterAzrael the Ruffian (level 6, 0/53 HPs)
             Began as a Troll Monk on July 20, 2021.
             Was a Priest of Hepliaklqana.
             Slain by an orc (5 damage)
             ... on level 3 of the Dungeon.
             The game lasted 00:03:06 (1721 turns).

MisterAzrael the Ruffian (Troll Monk)               Turns: 1721, Time: 00:03:06

Health: 0/53       AC:  4    Str: 22    XL:     6   Next: 21%
Magic:  5/5        EV: 10    Int:  6    God:    Hepliaklqana [***...]
Gold:   79         SH:  0    Dex: 12    Spells: 5/5 levels left

rFire    . . .     SeeInvis .     - Unarmed
rCold    . . .     Faith    .   (no shield)
rNeg     . . .     Spirit   .   a - +0 robe
rPois    .         Reflect  .   (helmet restricted)
rElec    .         Harm     .   (no cloak)
rCorr    .         Rampage  .   (gloves unavailable)
Will     .....                  (boots unavailable)
Stlth    ++........             (no amulet)
HPRegen  1.17/turn              (no ring)
MPRegen  0.09/turn              (no ring)

@: no status effects
A: reduced essence, large, unfitting armour, claws 3, regeneration 1, shaggy fur
1, tough skin 1
a: Renounce Religion, Recall Ancestor, Ancestor Identity, Transference


You were on level 3 of the Dungeon.
You worshipped Hepliaklqana.
Hepliaklqana was most pleased with you.
You visited 1 branch of the dungeon, and saw 3 of its levels.

You collected 79 gold pieces.

Inventory:

Armour
 a - a +0 robe (worn)
Scrolls
 e - 3 scrolls of teleportation {unknown}
 g - a scroll of silence {unknown}
 h - 2 scrolls of enchant armour {unknown}
 i - a scroll of identify {unknown}
 j - a scroll of vulnerability {unknown}
 k - a scroll of fog {unknown}
Potions
 b - a potion of invisibility {unknown}
 c - a potion of attraction {unknown}
 d - a potion of might {unknown}
 f - a potion of curing {unknown}


   Skills:
 - Level 2.4 Fighting
 - Level 2.4 Dodging
 - Level 1.0 Stealth
 + Level 7.1 Unarmed Combat


You had 5 spell levels left.
You didn't know any spells.
Your spell library was empty.

Dungeon Overview and Level Annotations

Branches:
Dungeon (3/15)

Altars:
Ashenzari
Hepliaklqana
Okawaru
Yredelemnul


Innate Abilities, Weirdness & Mutations

Your life essence is reduced to manifest your ancestor. (-10% HP)
You are too large for most types of armour.
You have claws for hands.
Your natural rate of healing is unusually fast.
You are covered in fur. (AC +1)
You have tough skin. (AC +1)


Message History

The orc dies!
The orc hits you with a +0 hand axe. The orc hits you but does no damage.
The orc barely misses you. The orc hits you with a +0 flail.
You mangle the orc priest!!
You kill the orc priest!
The orc hits you with a +0 hand axe.
The orc barely misses Milos.
The orc closely misses you. The orc barely misses you.
Your Unarmed Combat skill increases to level 7!
You barely miss the orc. The orc hits you with a +0 flail.
Milos points at the orc and mumbles some strange words.
The stone arrow hits the orc.
The orc hits Milos with a +0 hand axe.
The orc closely misses you.
You closely miss the orc.
The orc is almost dead.
The orc closely misses you. The orc hits you with a +0 dagger.
The orc hits you with a +0 flail.
Milos barely misses the orc.
You are too injured to fight recklessly!
You are too injured to fight recklessly!
You are too injured to fight recklessly!
You scratch the orc.
The orc is almost dead.
The orc hits you with a +0 hand axe.
The orc hits Milos with a +0 hand axe.
The orc barely misses you.
The orc hits you from afar with a +0 trident.
* * * LOW HITPOINT WARNING * * *
The orc hits you with a +0 flail!
* * * LOW HITPOINT WARNING * * *
Milos gestures at the orc while chanting.
The stone arrow hits the orc!
The orc dies!
You claw the orc!
You kill the orc!
The orc hits you from afar with a +0 trident.
* * * LOW HITPOINT WARNING * * *
The orc hits you with a +0 flail.
* * * LOW HITPOINT WARNING * * *
Milos hits the orc with a +0 quarterstaff!
The orc dies!
The orc hits you with a +0 flail.
You die...

##..#...#..## .#
##.......## .#
###'''### .#
#######....#######.#
...................#
#####..............#
#...#########..#
#..###....)o†..#
#..##..≈..)≈@..#
#..#$.....)R...#
#..#⌠.....)....#
##.#$............
#..≈...≈..##...
##........# ....
########.# ... .# ##


You could see the friendly Milos the battlemage and an orc.

Vanquished Creatures
  A water moccasin zombie (D:3)
  2 orc priests (D:3)
  Jessica (D:3)
  Natasha (D:2)
  4 adders
  2 worms
  A dart slug (D:2)
  2 orcs (D:3)
  A bat (D:1)
  2 endoplasms (D:1)
  A giant cockroach (D:2)
  2 goblins
  3 hobgoblins
  3 jackals (D:1)
  2 quokkas (D:2)
  6 ball pythons
  4 frilled lizards (D:1)
  2 kobolds
40 creatures vanquished.

Vanquished Creatures (collateral kills)
  An orc priest (D:3)
  An adder (D:3)
  A dart slug (D:2)
  6 orcs (D:3)
  3 ball pythons
  An endoplasm (D:2)
  A giant cockroach (D:1)
  A hobgoblin (D:1)
  A jackal (D:1)
  A quokka (D:1)
  2 frilled lizards
19 creatures vanquished.

Grand Total: 59 creatures vanquished

Notes
Turn   | Place    | Note
-------+----------+-------------------------------------------
     0 | D:1      | MisterAzrael the Troll Monk began the quest for the Orb.
     0 | D:1      | Reached XP level 1. HP: 22/22 MP: 0/0
    92 | D:1      | Reached XP level 2. HP: 25/29 MP: 1/1
   131 | D:1      | Found a faded altar of an unknown god.
   145 | D:1      | Became a worshipper of Hepliaklqana the Forgotten
   145 | D:1      | Reached * piety under Hepliaklqana
   145 | D:1      | Reached ** piety under Hepliaklqana
   156 | D:1      | Remembered your ancestor Milos as a battlemage
   358 | D:1      | Reached skill level 4 in Unarmed Combat
   548 | D:2      | Reached *** piety under Hepliaklqana
   683 | D:2      | Reached XP level 3. HP: 30/32 MP: 2/2
   750 | D:2      | Noticed Natasha
   755 | D:2      | Killed Natasha
   775 | D:2      | Reached skill level 5 in Unarmed Combat
   775 | D:2      | Reached XP level 4. HP: 34/39 MP: 3/3
  1421 | D:3      | Noticed Jessica
  1426 | D:3      | Killed Jessica
  1438 | D:3      | Found a basalt altar of Yredelemnul.
  1438 | D:3      | Found an iron altar of Okawaru.
  1447 | D:3      | Found a broken altar of Ashenzari.
  1542 | D:3      | Reached XP level 5. HP: 45/45 MP: 4/4
  1587 | D:3      | Reached skill level 6 in Unarmed Combat
  1601 | D:3      | Reached XP level 6. HP: 4/53 MP: 5/5
  1717 | D:3      | Reached skill level 7 in Unarmed Combat
  1721 | D:3      | Slain by an orc

Illustrated notes

Levels and vault maps discovered:
D:1:      noname_arrival_rooms_in_the_neighbourhood, layout_rooms,
          chequers_ecumenical_altar_simple_redux
D:2:      layout_basic, uniq_natasha
D:3:      cheibrodos_pilgrimage, layout_basic, gammafunk_temple_overflow_wave,
          mainiacjoe_overflow_small_starburst, serial_curves, eino_curves_03,
          eino_curves_02, eino_curves_02, kennysheep_cluttered_room,
          kennysheep_flooded_box, hex_intersection, roderic_batcave,
          feat_on_display, uniq_jessica

Skill      XL: |  1  2  3  4  5  6 |
---------------+-------------------+-----
Unarmed Combat | 4 5 6 7 |  7.1
Fighting       | |  2.4
Dodging        | |  2.4
Stealth        | |  1.0

Action                   |  1- 3 |  4- 6 || total
-------------------------+-------+-------++-------
Melee: Unarmed           |    52 |    50 ||   102
Invok: Ancestor Life: Ba |     1 |       ||     1
 Stab: Sleeping          |     3 |     1 ||     4
Armor: Robe              |    16 |    20 ||    36
Dodge: Dodged            |    17 |    30 ||    47

Table legend: (Time is in decaauts)
 A = Elapsed time spent in this place.
 B = Non-inter-level travel time spent in this place.
 C = Inter-level travel time spent in this place.
 D = Time resting spent in this place.
 E = Time spent auto-exploring this place.
 F = Levels seen in this place.
 G = Mean time per level.
                   A        B        C        D        E       F      G
               +--------+--------+--------+--------+--------+-----+--------+
         Total |   1711 |   1666 |     45 |     41 |   1345 |   3 |  570.3 |
       Dungeon |   1711 |   1666 |     45 |     41 |   1345 |   3 |  570.3 |
               +--------+--------+--------+--------+--------+-----+--------+

Top non-repeatable levels by time:
     D:2: 941 daAuts
     D:1: 473 daAuts
     D:3: 297 daAuts
